 Dungeon Crawl Stone Soup version 0.30-a0-918-g0ff054e9dc (webtiles) character file.

Game seed: 14819774719636651010

196 mopl the Sneak (level 5, -4/38 HPs)
             Began as a Draconian Enchanter on Mar 20, 2023.
             Slain by Menkaure (21 damage)
             ... on level 4 of the Dungeon.
             The game lasted 00:04:36 (2636 turns).

mopl the Sneak (Draconian Enchanter)                Turns: 2636, Time: 00:04:36

Health: -4/38      AC:  6    Str: 11    XL:     5   Next: 45%
Magic:  6/9        EV: 17    Int: 17    God:
Gold:   84         SH:  0    Dex: 11    Spells: 2/10 levels left

rFire   . . .      SeeInvis .    a - +0 dagger (vamp)
rCold   . . .      Faith    .    (no shield)
rNeg    . . .      Spirit   .    (body armour unavailable)
rPois   .          Reflect  .    (helmet restricted)
rElec   .          Rampage  .    r - +0 cloak
rCorr   +                        (no gloves)
Will    .....                    (no boots)
Stlth   ++                       o - amulet of the acrobat
HPRegen 0.26/turn                p - +5 ring of evasion
MPRegen 0.11/turn                t - ring of resist corrosion

@: confusing by touch
A: AC +5, unfitting armour, cold-blooded
a: no special abilities


You were on level 4 of the Dungeon.
You visited 1 branch of the dungeon, and saw 4 of its levels.

You collected 140 gold pieces.
You spent 56 gold pieces at shops.

Inventory:

Hand Weapons
 a - a +0 vampiric dagger (weapon)
 j - a +0 rapier
 x - a +1 dagger
Missiles
 q - 3 boomerangs
Armour
 r - a +0 cloak (worn)
Jewellery
 o - an amulet of the acrobat (around neck)
 p - a +5 ring of evasion (left hand)
 t - a ring of resist corrosion (right hand)
Wands
 y - a wand of iceblast (2)
Scrolls
 e - 2 scrolls of fear {unknown}
 f - a scroll of enchant weapon {unknown}
 h - 2 scrolls of noise {unknown}
 i - a scroll of silence {unknown}
 l - 3 scrolls of teleportation {unknown}
 m - 6 scrolls of identify
 u - a scroll of blinking {unknown}
 v - a scroll of enchant armour {unknown}
 w - a scroll of magic mapping {unknown}
 B - a scroll of vulnerability {unknown}
Potions
 b - 2 potions of invisibility
 c - 3 potions of heal wounds {unknown}
 d - 2 potions of haste {unknown}
 g - a potion of curing {unknown}
 k - a potion of mutation {unknown}
 n - a potion of brilliance {unknown}
 s - a potion of attraction {unknown}
 z - a potion of degeneration {unknown}
 A - a potion of lignification {unknown}


   Skills:
 + Level 2.7 Short Blades
 - Level 1.7 Dodging
 + Level 3.8 Stealth
 + Level 3.1 Spellcasting
 + Level 3.6 Hexes


You had 2 spell levels left.
You knew the following spells:

 Your Spells              Type           Power      Damage    Failure   Level
b - Ensorcelled Hibernat  Hex/Ice        16%        N/A       12%         2
c - Confusing Touch       Hex            15%        N/A       12%         3
d - Tukima's Dance        Hex            15%        N/A       12%         3

Your spell library contained the following spells:

 Spells                   Type           Power      Damage    Failure   Level
 Dazzling Flash           Conj/Hex       16%        N/A       24%         3
 Frozen Ramparts          Ice            4%         1d1       45%         3
 Ice Form                 Ice/Tmut       2%         N/A       86%         4
 Summon Ice Beast         Ice/Summ       2%         N/A       86%         4


Dungeon Overview and Level Annotations

Branches:
Dungeon (4/15)
 Temple: D:4-7

Altars:
Trog

Shops:
D:2 ?

Annotations:
D:4 Menkaure


Innate Abilities, Weirdness & Mutations

Your plain brown scales are hard. (AC +5)
You cannot fit into any form of body armour.
You are cold-blooded and may be slowed by cold attacks.


Message History

You hit the giant cockroach but do no damage.
The giant cockroach is heavily wounded.
The giant cockroach closely misses you.
You hit the giant cockroach.
You feel better.
Your tail-slap misses the giant cockroach.
The giant cockroach is severely wounded.
The giant cockroach misses you.
You closely miss the giant cockroach.
The giant cockroach is heavily wounded.
The giant cockroach misses you.
You hit the giant cockroach.
The giant cockroach is severely wounded.
The giant cockroach bites you but does no damage.
You hit the giant cockroach.
The giant cockroach is almost dead.
The giant cockroach bites you but does no damage.
You barely miss the giant cockroach.
Your tail-slap misses the giant cockroach.
The giant cockroach is almost dead.
The giant cockroach closely misses you.
You hit the giant cockroach but do no damage.
The giant cockroach is almost dead.
The giant cockroach misses you.
You closely miss the giant cockroach.
The giant cockroach is almost dead.
The giant cockroach barely misses you.
You closely miss the giant cockroach. You tail-slap the giant cockroach.
You kill the giant cockroach!
You see here a giant cockroach corpse.
There is an open door here.
Menkaure mumbles some strange words.
Menkaure seems to speed up.
Casting: Confusing Touch (dangerous; 12% risk of failure)
Confirm with . or Enter, or press ? or * to list all spells.
Your hands begin to glow red.
Menkaure calls on the powers of darkness!
Your body is wracked with pain!
You hit Menkaure but do no damage. Menkaure hits you!!
Ouch! That really hurt!
You die...

...#..##..#
...##.##..#
...##..#.. ...###.#.#
#######
...###.#.######.....#
##......>.....#.....#
#............#.....#
..............#..M..#
..............'.@...+
...########...#.....#
... #..†#.....# ..
#...####### #####


You could see Menkaure (fast).

Vanquished Creatures
  A phantom (D:4)
  2 adders
  A worm (D:3)
  A dart slug (D:1)
  3 orcs (D:3)
  8 ball pythons
  7 endoplasms
  4 giant cockroaches
  8 goblins
  7 hobgoblins
  17 jackals
  2 quokkas
  7 bats
  3 frilled lizards (D:2)
  5 kobolds
  6 rats
82 creatures vanquished.

Notes
Turn   | Place    | Note
-------+----------+-------------------------------------------
     0 | D:1      | mopl the Draconian Enchanter began the quest for the Orb.
     0 | D:1      | Reached XP level 1. HP: 14/14 MP: 3/3
   130 | D:1      | Reached XP level 2. HP: 16/20 MP: 5/5
   167 | D:1      | Learned a level 2 spell: Ensorcelled Hibernation
   250 | D:1      | Reached skill level 3 in Stealth
   292 | D:1      | Reached skill level 3 in Hexes
   382 | D:1      | Reached XP level 3. HP: 26/26 MP: 6/6
   386 | D:1      | Learned a level 3 spell: Confusing Touch
  1005 | D:2      | Found a bloodstained altar of Trog.
  1148 | D:2      | Reached skill level 2 in Short Blades
  1584 | D:2      | Found Bitofuj's Magic Scroll Shoppe.
  1589 | D:2      | Bought a scroll of identify for 28 gold pieces
  1589 | D:2      | Bought a scroll of identify for 28 gold pieces
  1711 | D:2      | Reached XP level 4. HP: 33/33 MP: 2/7
  1715 | D:2      | Learned a level 3 spell: Tukima's Dance
  2437 | D:4      | Noticed a phantom
  2530 | D:4      | Killed a phantom
  2531 | D:4      | Reached skill level 3 in Spellcasting
  2531 | D:4      | Reached XP level 5. HP: 8/38 MP: 1/9
  2591 | D:4      | Noticed a phantom
  2613 | D:4      | Noticed Menkaure
  2636 | D:4      | Slain by Menkaure

Illustrated notes

Levels and vault maps discovered:
D:1:      elethiomel_arrival_infinity_welcomes_careful_drivers,
          layout_loops_cross
D:2:      layout_basic, basic_altar, serial_aquarium,
          aquarium_bridge_long_separate [aquarium_subvault_balcony,
          aquarium_subvault_bridge, aquarium_subvault_bridge,
          aquarium_subvault_bridge, aquarium_subvault_window,
          aquarium_subvault_bridge], aquarium_window_corner,
          aquarium_window_fake, aquarium_view_2e, aquarium_view_2c,
          aquarium_balcony_1a, aquarium_pool_five, serial_shops,
          nicolae_shop_hallway_plus, minmay_misc_feat_diagonals
D:3:      layout_rooms, st_stairs_14
D:4:      layout_basic, gup_sewer_entry_glass, uniq_edmund, uniq_menkaure

Skill      XL: |  1  2  3  4 |
---------------+-------------+-----
Stealth        | 3 |  3.8
Hexes          | 3 |  3.6
Short Blades   | 2 |  2.7
Spellcasting   | 3 |  3.1
Dodging        | |  1.7

Action                     |  1- 3 |  4- 6 || total
---------------------------+-------+-------++-------
  Melee: Dagger            |   189 |   176 ||   365
         Tailslap          |    16 |    19 ||    35
         Punch             |       |     1 ||     1
   Cast: Ensorcelled Hiber |     7 |     5 ||    12
         Confusing Touch   |       |     5 ||     5
   Stab: Sleeping          |     9 |     8 ||    17
         Distracted        |     2 |       ||     2
         Confused          |       |     1 ||     1
 Armour: Skin              |    62 |    41 ||   103
  Dodge: Dodged            |   142 |   185 ||   327

Table legend: (Time is in decaauts)
 A = Elapsed time spent in this place.
 B = Non-inter-level travel time spent in this place.
 C = Inter-level travel time spent in this place.
 D = Time resting spent in this place.
 E = Time spent auto-exploring this place.
 F = Levels seen in this place.
 G = Mean time per level.
                   A        B        C        D        E       F      G
               +--------+--------+--------+--------+--------+-----+--------+
         Total |   2604 |   2530 |     74 |     84 |   1573 |   4 |  651.0 |
       Dungeon |   2604 |   2530 |     74 |     84 |   1573 |   4 |  651.0 |
               +--------+--------+--------+--------+--------+-----+--------+

Top non-repeatable levels by time:
     D:2: 965 daAuts
     D:1: 866 daAuts
     D:3: 501 daAuts
     D:4: 271 daAuts
